AoeStats
← Dinolicious.

Arabia

503656789Analyzed
1v1 RM · 1mo ago on Sep 1, 2026· 17m 8s· 2 players
Game mode
Random Map
Map size
Tiny (2 player)
Population
200
Speed
Normal
Resources
Standard
Victory
Conquest
Starting age
Dark Age
Ending age
Imperial Age
RankedLock teamsTeams togetherTeam positionsShared explorationLock speedFull tech treeHidden civsTurbo modeCheats
Victory
Defeat
🇫🇷 Koreans · France
1058
+16
🇩🇪 Khmer · Germany
1067
-16
Mr. Poppi
7:40 Loom
10:00 Feudal Age
14:59 Fletching
15:02 Town Watch
Dinolicious.
11:13 Feudal Age
15:05 Castle Age
13:32 Double-Bit Axe
17:02 Loom
Connection lost

Rejoining the realm…

Still unreachable

The connection could not be restored.

Session expired

The server has moved on; the page needs a fresh start.